 Dungeon Crawl Stone Soup version 0.22-a0-608-g8a62e23 (webtiles) character file.

67 corax the Magician (level 3, -1/26 HPs)
             Began as a Mummy Venom Mage on July 9, 2018.
             Slain by a bullfrog zombie (4 damage)
             ... on level 2 of the Dungeon.
             The game lasted 00:07:17 (2334 turns).

corax the Magician (Mummy Venom Mage)               Turns: 2334, Time: 00:07:18

Health: -1/26      AC:  3    Str: 11    XL:     3   Next: 98%
Magic:  7/7        EV: 12    Int: 18    God:
Gold:   41         SH:  0    Dex: 12    Spells: 7/8 levels left

rFire    x . .     SeeInvis .   a - +1 dagger
rCold    + . .     Gourm    .   (no shield)
rNeg     + + +     Faith    .   d - +1 robe
rPois    ∞         Spirit   .   (no helmet)
rElec    .         Reflect  .   (no cloak)
rCorr    .         Harm     .   (no gloves)
MR       .....     Rnd*Tele +   (no boots)
Stlth    ++........             (no amulet)
HPRegen  0.08/turn              b - ring of teleportation (curse)
MPRegen  0.10/turn              h - +3 ring of intelligence

@: no status effects
A: no food or potions, fire vulnerability, cold resistance 1, negative energy
resistance 3, torment resistance, unbreathing
a: no special abilities


You were on level 2 of the Dungeon.
You were not hungry.

You visited 1 branch of the dungeon, and saw 2 of its levels.

You collected 41 gold pieces.

Inventory:

Hand Weapons
 a - a +1 dagger (weapon)
Armour
 d - a +1 robe (worn)
Jewellery
 b - a cursed ring of teleportation (left hand)
 h - a +3 ring of intelligence (right hand)
Scrolls
 c - a scroll of magic mapping
 f - 3 scrolls of identify


   Skills:
 + Level 1.1 Fighting
 + Level 0.7 Short Blades
 + Level 2.1 Dodging
 + Level 2.0 Stealth
 + Level 3.1 Spellcasting
 + Level 1.3 Conjurations
 + Level 2.7 Poison Magic


You had 7 spell levels left.
You knew the following spells:

 Your Spells              Type           Power        Failure   Level  Hunger
a - Sting                 Conj/Pois      ##..         7%          1    N/A

Your spell library contained the following spells:

 Spells                   Type           Power        Failure   Level  Hunger
 Mephitic Cloud           Conj/Pois/Air  #.......     28%         3    N/A
 Venom Bolt               Conj/Pois      ##........   89%         5    N/A
 Olgreb's Toxic Radiance  Pois           ##......     45%         4    N/A
 Poisonous Vapours        Pois/Air       #.....       14%         2    N/A

Dungeon Overview and Level Annotations

Branches:
Dungeon (2/15)

Altars:


Innate Abilities, Weirdness & Mutations

You do not eat or drink.
Your flesh is vulnerable to fire.
You are immune to poison.
Your flesh is cold resistant. (rC+)
You are immune to negative energy. (rN+++)
You are immune to unholy pain and torment.
You can survive without breathing.


Message History

The bullfrog zombie is moderately damaged.
The bullfrog zombie misses you. x2
You hit the bullfrog zombie.
The bullfrog zombie is heavily damaged.
The bullfrog zombie hits you.
You hit the bullfrog zombie.
The bullfrog zombie is heavily damaged.
The bullfrog zombie hits you.
You hit the bullfrog zombie but do no damage.
The bullfrog zombie is heavily damaged.
The bullfrog zombie hits you.
You barely miss the bullfrog zombie.
The bullfrog zombie is heavily damaged.
The bullfrog zombie hits you!
* * * LOW HITPOINT WARNING * * *
The bullfrog zombie misses you.
You hit the bullfrog zombie.
The bullfrog zombie is heavily damaged.
The bullfrog zombie hits you.
You die...

##### ....# ###.# ***,*##** ##
,,,,,,.,* #. *##,**#.* #.
##.,,##.** ############.
#...,,...* ######## #.........##.
,...,*,#.###....@.# #.#######.##.
**#..,,#..!#.####Z# #.###........
#..#####....Z.#.# #.........##.
#....#†..#.##.#.# #..##.##..###
##+##.#.###......# #.........#
##...#...# ####.### ##.......##
#.....#### ###.# #.#..#..#
.......## ##.#.# #.#.##..# #
........####....######.......####


You could see a bullfrog zombie.

Vanquished Creatures
  An adder (D:2)
  2 dart slugs (D:1)
  A worm (D:2)
  A leopard gecko (D:2)
  4 giant cockroaches
  4 hobgoblins
  10 jackals (D:2)
  6 kobolds
  A quokka (D:2)
  7 bats
  3 frilled lizards (D:2)
  2 goblins (D:1)
  4 rats (D:2)
46 creatures vanquished.

Notes
Turn   | Place    | Note
-------+----------+-------------------------------------------
     0 | D:1      | corax the Mummy Venom Mage began the quest for the Orb.
     0 | D:1      | Reached XP level 1. HP: 13/13 MP: 4/4
   152 | D:1      | Reached skill level 1 in Conjurations
   197 | D:1      | Reached XP level 2. HP: 17/19 MP: 3/5
   984 | D:2      | Reached skill level 3 in Spellcasting
   984 | D:2      | Reached XP level 3. HP: 25/25 MP: 4/7
  1414 | D:2      | HP: 1/25 [jackal (1)]
  1580 | D:2      | Reached skill level 1 in Fighting
  2334 | D:2      | Slain by a bullfrog zombie

Vault maps used:
D:1:      roderic_crop_circles_arrival_small
D:2:      first_ration, hangedman_decor_points

Skill      XL: |  1  2  3 |
---------------+----------+-----
Conjurations   | 1 |  1.3
Spellcasting   | 3 |  3.1
Dodging        | 2 |  2.1
Fighting       | 1 |  1.1
Stealth        | 2 |  2.0
Short Blades   | |  0.7
Poison Magic   | |  2.7

Action                   || total
-------------------------++-------
Melee: Unarmed           ||     4
       Dagger            ||    61
 Cast: Sting             ||    83
  Use: Scroll            ||     4
 Stab: Sleeping          ||     2
Armor: Robe              ||    17
Dodge: Dodged            ||    67

Table legend:
 A = Spawn XP
 B = Non-spawn XP
 C = Spawn XP percentage of total XP
 D = Spawn monster count
 E = Non-spawn monster count
 F = Spawn count percentage of total count
 G = Total turns spent on level
                    A         B        C        D         E        F      G
               +---------+---------+-------+---------+---------+-------+---------
         Total |       0 |      96 |   0.0 |       0 |      46 |   0.0 |  2334
               +---------+---------+-------+---------+---------+-------+---------
           D:1 |       0 |      26 |   0.0 |       0 |      13 |   0.0 |   695
           D:2 |       0 |      70 |   0.0 |       0 |      33 |   0.0 |  1639
               +---------+---------+-------+---------+---------+-------+---------
